 Dungeon Crawl Stone Soup version 0.20.1-1-g8b1a95d (webtiles) character file.

17269 Irenicus the Severer (level 12, -19/99 HPs)
             Began as a Deep Dwarf Artificer on Nov 23, 2017.
             Was a High Priest of Makhleb.
             Demolished by Donald
             ... wielding a +2 scimitar of electrocution
              (34 damage)
             ... on level 2 of the Orcish Mines.
             The game lasted 01:08:10 (8199 turns).

Irenicus the Severer (Deep Dwarf Artificer)         Turns: 8199, Time: 01:08:10

Health: -19/99     AC:  9    Str: 22    XL:     12   Next: 17%
Magic:  11/11      EV: 16    Int: 18    God:    Makhleb [*****.]
Gold:   781        SH:  2    Dex: 17    Spells: 10/13 levels left

rFire    . . .     SeeInvis .   y - +4 battleaxe
rCold    . . .     Gourm    .   (shield currently unavailable)
rNeg     . . .     Faith    .   z - +0 ring mail of Hedonism {+Fly rPois Int+4}
rPois    +         Spirit   .   (helmet restricted)
rElec    .         Reflect  +   (no cloak)
rCorr    .         Harm     .   g - +2 pair of gloves
MR       +....                  D - +0 pair of boots
Stlth    +.........             P - +2 amulet of reflection
Regen    0.0/turn               x - ring of flight
MPRegen  0.2/turn               b - ring of poison resistance

@: mighty, non-regenerating, hasted (expiring), very quick
A: damage resistance, heal wounds, beak, horns 1, sense surroundings 2, strong
1, no regeneration
a: Heal Wounds, Minor Destruction, Lesser Servant of Makhleb, Major Destruction,
Greater Servant of Makhleb, Renounce Religion, Evoke Flight


You were on level 2 of the Orcish Mines.
You worshipped Makhleb.
Makhleb was extremely pleased with you.
You were not hungry.

You visited 3 branches of the dungeon, and saw 14 of its levels.

You collected 781 gold pieces.

Inventory:

Hand Weapons
 h - a +2 dagger of venom
 r - a +4 dagger of freezing
 y - a +4 battleaxe (weapon)
 G - a +2 hand axe of freezing
 H - a +0 war axe
Armour
 g - a +2 pair of gloves (worn)
 i - a +2 helmet
 z - the +0 ring mail of Hedonism (worn) {+Fly rPois Int+4}
   (You found it on level 7 of the Dungeon)

   It affects your intelligence (+4).
   It protects you from poison.
   It lets you fly.
 D - a +0 pair of boots (worn)
 F - a +1 plate armour of cold resistance
 L - a +2 leather armour of magic resistance
Magical Staves
 V - an uncursed staff of summoning
Jewellery
 b - a ring of poison resistance (right hand)
 x - a ring of flight (left hand)
 J - an uncursed ring of teleportation
 P - a +2 amulet of reflection (around neck)
Wands
 a - a wand of polymorph (13/24)
 c - a wand of flame (0/48)
 d - a wand of enslavement (0/24)
 C - a wand of digging (14/24)
 I - a wand of random effects (0/48)
 M - a wand of random effects (0/48)
 N - a wand of clouds (5/9)
 Q - a wand of disintegration (0/24)
 S - a wand of polymorph (9/24)
 W - a wand of acid (6/15)
Scrolls
 j - 3 scrolls of enchant weapon
 k - a scroll of immolation
 m - a scroll of fog
 n - 3 scrolls of amnesia
 s - 3 scrolls of teleportation
 t - a scroll of torment
 u - 2 scrolls of enchant armour
 E - a scroll of fear
 R - a scroll of silence
Potions
 l - 3 potions of haste
 o - 2 potions of might
 q - 3 potions of resistance
 v - 4 potions of curing
 K - 2 potions of brilliance
 O - a potion of agility
Books
 e - a book of Minor Magic

   Spells                             Type                      Level
   a - Magic Dart                     Conjuration                  1
   b - Blink                          Translocation                2
   c - Call Imp                       Summoning                    2
   d - Slow                           Hexes                        2
   e - Conjure Flame                  Conjuration/Fire             3
   f - Mephitic Cloud                 Conjuration/Poison/Air       3
 w - a book of Changes

   Spells                             Type                      Level
   a - Beastly Appendage              Transmutation                1
   b - Sticks to Snakes               Transmutation                2
   c - Spider Form                    Transmutation/Poison         3
   d - Ice Form                       Ice/Transmutation            4
   e - Blade Hands                    Transmutation                5
 B - a book of Conjurations

   Spells                             Type                      Level
   a - Magic Dart                     Conjuration                  1
   b - Searing Ray                    Conjuration                  2
   c - Dazzling Spray                 Conjuration/Hexes            3
   d - Fulminant Prism                Conjuration/Hexes            4
   e - Force Lance                    Conjuration/Translocation    4
   f - Iskenderun's Mystic Blast      Conjuration                  4
Comestibles
 f - 8 bread rations
 p - 13 royal jellies
 A - 5 meat rations


   Skills:
 - Level 4.0 Fighting
 - Level 1.0 Short Blades
 * Level 17.6 Axes
 - Level 8.2 Dodging
 - Level 1.2 Stealth
 - Level 1.0 Spellcasting
 - Level 3.0 Transmutations
 - Level 6.0 Evocations


You had 10 spell levels left.
You knew the following spells:

 Your Spells              Type           Power        Failure   Level  Hunger
a - Beastly Appendage     Tmut           ##....       10%         1    ##.....
b - Blink                 Tloc           N/A          43%         2    ###....


Dungeon Overview and Level Annotations

Branches:
Dungeon (11/15)            Temple (1/1) D:6            Lair (0/6) D:9
    Orc (2/2) D:9
    Elf: Orc:2

Altars:
Ashenzari
Dithmenos
Fedhas
Gozag
Hepliaklqana
Makhleb
Okawaru
Qazlal
Trog
Xom
Zin
The Shining One
Beogh

Shops:
D:9 =   D:11 %

Annotations:
D:4 ThereIsNoGod's ghost, amateur DsBe
D:6 exclusion: oklob plant
D:7 ThereIsNoGod's ghost, novice DsBe
D:9 Gastronok
Orc:2 Donald


Innate Abilities, Weirdness & Mutations

You are resistant to damage.
You can heal yourself by infusing magical energy.
You passively map the area around you.
You do not regenerate.
You have a beak for a mouth.
You have a pair of small horns on your head.
Your muscles are strong. (Str +2)


Message History

A deep elf mage comes into view. It is wielding a rapier.
Charge which item? (? for menu, Esc to quit)
As you read the scroll of recharging, it crumbles to dust.
Your wand of clouds (0/9) glows for a moment and now has 6 charges.
Donald closely misses you.
Evoke which item? (* to show all) (? for menu, Esc to quit)
Aiming: Cloud Cone
Press: ? - help, Dir - move target cursor, f/p - Donald
Aim: Donald, wielding a scimitar of electrocution, wearing a chain mail and wearing a shield (lightly wounded, fast, unusually strong, covered in acid)
You create a blast of flame!
The deep elf mage shouts!
This wand has 5 charges left.
Donald is engulfed in blazing flames.
Donald hits you with a scimitar of electrocution!!
* * * LOW HITPOINT WARNING * * *
The deep elf mage casts a spell.
The deep elf mage conjures a globe of magical energy!
A battlesphere comes into view.
You fail to use your ability.
Donald is engulfed in blazing flames.
Donald hits you with a scimitar of electrocution!!!
You die...

#.....................
*#.._..................
,
#.....................,
#.....................,,
, #.....$...............
,,*
##....................,,
, **
##$....#............. *
* ,#....$.....$........
* , ,
,,...#.$....@.........
*, ..#......@......##. ,
* ......§§§..#..# *
......§§§....... * , *
.....§§§§§....... * ,
,.......##...##... ,,,,
, .*.....* .... ** ,
.e....., ..... ,, * , *
* *


You could see Donald, a deep elf mage and a battlesphere.

Vanquished Creatures
  A stone giant (Orc:1)
  A hydra (D:11)
  5 two-headed ogres
  Pikel (D:4)
  A cyclops (D:11)
  An orc sorcerer (Orc:2)
  Psyche (D:10)
  A troll (D:10)
  3 hippogriffs
  Sigmund (D:5)
  A shadow (D:11)
  A wraith (D:11)
  A wyvern (D:9)
  8 yaks
  4 hogs (D:8)
  2 hungry ghosts
  A human (D:8)
  2 basilisks (D:9)
  A warg (Orc:1)
  A water moccasin (D:8)
  Duvessa (D:7)
  13 orc warriors
  3 black bears
  3 sky beasts
  An ice beast (D:7)
  4 phantoms
  6 ogres
  11 centaurs
  3 big kobolds
  A crocodile (D:7)
  4 bullfrogs
  6 scorpions
  Dowan (D:7)
  5 killer bees (D:7)
  7 wights
  2 howler monkeys
  4 crimson imps
  A bullfrog zombie (D:5)
  A centaur zombie (D:11)
  A quasit (D:6)
  A centaur skeleton (D:4)
  11 orc priests
  3 bullfrog skeletons
  A hound (D:8)
  4 jellies
  2 iguanas (D:4)
  9 orc wizards
  12 worker ants
  2 killer bee zombies
  A hound zombie (D:11)
  Robin (D:2)
  5 gnolls
  10 adders
  3 shadow imps
  2 oozes (D:5)
  3 worms
  A dart slug (D:1)
  7 leopard geckos
  55 orcs
  10 bats
  8 giant cockroaches
  12 goblins
  5 hobgoblins
  9 jackals
  27 kobolds
  6 quokkas
  A ball python (D:4)
  8 frilled lizards
  A jackal zombie (D:7)
  14 rats
350 creatures vanquished.

Vanquished Creatures (collateral kills)
  A hound (D:7)
  A worker ant (D:7)
  A gnoll (D:7)
  An adder (D:2)
  4 goblins (D:2)
  A rat (D:2)
9 creatures vanquished.

Vanquished Creatures (others)
  4 slaves (D:4)
  2 gnolls
  An orc (D:6)
  A hobgoblin (D:2)
8 creatures vanquished.

Grand Total: 367 creatures vanquished

Notes
Turn   | Place    | Note
-------+----------+-------------------------------------------
     0 | D:1      | Irenicus the Deep Dwarf Artificer began the quest for the Orb.
     0 | D:1      | Reached XP level 1. HP: 16/16 MP: 3/3
    17 | D:1      | Reached skill level 1 in Fighting
    17 | D:1      | Reached skill level 1 in Short Blades
   142 | D:1      | Reached XP level 2. HP: 21/26 MP: 5/5
   451 | D:2      | Reached XP level 3. HP: 27/33 MP: 6/6
   826 | D:2      | Noticed Robin
   827 | D:2      | Killed Robin
   827 | D:2      | Reached XP level 4. HP: 28/43 MP: 7/7
  1268 | D:2      | Learned a level 1 spell: Beastly Appendage
  1319 | D:3      | Found a faded altar of an unknown god.
  1364 | D:3      | Noticed an ogre
  1466 | D:3      | Reached skill level 1 in Spellcasting
  1466 | D:3      | Reached XP level 5. HP: 10/50 MP: 8/8
  1670 | D:3      | Killed an ogre
  1784 | D:3      | Reached XP level 6. HP: 25/57 MP: 9/9
  2030 | D:4      | Reached skill level 2 in Axes
  2033 | D:4      | Noticed a slave
  2037 | D:4      | Noticed Pikel
  2037 | D:4      | Noticed a slave
  2038 | D:4      | Noticed a slave
  2038 | D:4      | Noticed a slave
  2071 | D:4      | Killed Pikel
  2071 | D:4      | Reached skill level 6 in Axes
  2071 | D:4      | Reached XP level 7. HP: 23/64 MP: 10/10
  2138 | D:4      | Noticed ThereIsNoGod's ghost (amateur DsBe)
  2404 | D:4      | Reached skill level 7 in Axes
  2436 | D:4      | Reached XP level 8. HP: 42/72 MP: 10/10
  2438 | D:4      | Reached skill level 8 in Axes
  2838 | D:5      | Entered Level 5 of the Dungeon
  3217 | D:5      | Reached skill level 9 in Axes
  3251 | D:5      | Noticed Sigmund
  3314 | D:5      | Killed Sigmund
  3331 | D:5      | Reached skill level 10 in Axes
  3361 | D:5      | Gained mutation: Scrolls take you a little longer to read. [mutagenic meat]
  3362 | D:5      | Gained mutation: You have a pair of small horns on your head. [mutagenic meat]
  3363 | D:5      | Gained mutation: Your system is resistant to poisons. (rPois) [mutagenic meat]
  3364 | D:5      | Gained mutation: You have a beak for a mouth. [mutagenic meat]
  3640 | D:6      | Found a glowing silver altar of Zin.
  3691 | D:6      | Gained mutation: You passively map the area around you. [Deep Dwarf growth]
  3691 | D:6      | Reached XP level 9. HP: 25/78 MP: 10/10
  3810 | D:6      | Found a bloodstained altar of Trog.
  3909 | D:6      | Reached skill level 11 in Axes
  4052 | D:6      | Found a stormy altar of Qazlal.
  4052 | D:6      | Noticed an oklob plant
  4148 | D:6      | Found a staircase to the Ecumenical Temple.
  4157 | Temple   | Entered the Ecumenical Temple
  4163 | Temple   | Became a worshipper of Makhleb the Destroyer
  4365 | D:7      | Reached skill level 12 in Axes
  4504 | D:7      | Noticed Dowan
  4507 | D:7      | Killed Dowan
  4509 | D:7      | Noticed Duvessa
  4513 | D:7      | Killed Duvessa
  4604 | D:7      | Reached * piety under Makhleb
  4702 | D:7      | Reached skill level 13 in Axes
  4719 | D:7      | Noticed ThereIsNoGod's ghost (novice DsBe)
  4788 | D:7      | Got a scorched ring mail
  5149 | D:8      | Identified the +0 ring mail of Hedonism {+Fly rPois Int+4} (You found it on level 7 of the Dungeon)
  5236 | D:8      | Reached XP level 10. HP: 41/85 MP: 10/10
  5427 | D:8      | Reached skill level 14 in Axes
  5484 | D:8      | Noticed a two-headed ogre
  5546 | D:8      | Reached ** piety under Makhleb
  5550 | D:8      | Killed a two-headed ogre
  5769 | D:9      | Reached skill level 15 in Axes
  5880 | D:9      | Learned a level 2 spell: Blink
  5908 | D:9      | Found a staircase to the Lair.
  6010 | D:9      | Found Mehumak's Jewellery Shop.
  6051 | D:9      | Found an iron altar of Okawaru.
  6179 | D:9      | Reached *** piety under Makhleb
  6211 | D:9      | Noticed Gastronok
  6234 | D:9      | Found a roughly hewn altar of Beogh.
  6234 | D:9      | Found a staircase to the Orcish Mines.
  6308 | D:9      | Noticed a two-headed ogre
  6411 | D:9      | HP: 3/85 [orc warrior/trident of piercing (3)]
  6415 | D:9      | Reached skill level 16 in Axes
  6562 | D:9      | Lost mutation: You have a pair of small horns on your head. [mutagenic meat]
  6563 | D:9      | Lost mutation: Scrolls take you a little longer to read. [mutagenic meat]
  6564 | D:9      | Gained mutation: You expend magic power (3 MP) to strengthen your wands. [mutagenic meat]
  6663 | D:9      | Reached XP level 11. HP: 40/92 MP: 10/10
  6670 | D:9      | Found a shimmering altar of Xom.
  6769 | D:10     | Entered Level 10 of the Dungeon
  6914 | D:10     | Noticed Psyche
  6920 | D:10     | Killed Psyche
  6920 | D:10     | Reached skill level 5 in Evocations
  6977 | D:10     | Lost mutation: Your system is resistant to poisons. (rPois) [potion of mutation]
  6977 | D:10     | Lost mutation: You expend magic power (3 MP) to strengthen your wands. [potion of mutation]
  6977 | D:10     | Gained mutation: Your muscles are strong. (Str +2) [potion of mutation]
  6977 | D:10     | Gained mutation: You have a pair of small horns on your head. [potion of mutation]
  7078 | D:10     | Reached **** piety under Makhleb
  7525 | D:11     | Found a hazy altar of Hepliaklqana.
  7557 | D:11     | Noticed a two-headed ogre
  7564 | D:11     | Killed a two-headed ogre
  7564 | D:11     | Reached skill level 5 in Dodging
  7589 | D:11     | Noticed a two-headed ogre
  7602 | D:11     | Killed a two-headed ogre
  7680 | D:11     | Noticed a four-headed hydra
  7707 | D:11     | Reached ***** piety under Makhleb
  7709 | D:11     | Killed a seven-headed hydra
  7760 | D:11     | Found Kaarup's Food Boutique.
  7842 | D:11     | Reached skill level 17 in Axes
  8109 | D:9      | Killed a two-headed ogre
  8114 | Orc:1    | Entered Level 1 of the Orcish Mines
  8122 | Orc:1    | Noticed a two-headed ogre
  8129 | Orc:1    | Noticed a stone giant
  8130 | Orc:1    | Killed a two-headed ogre
  8130 | Orc:1    | Reached XP level 12. HP: 73/99 MP: 11/11
  8156 | Orc:1    | Killed a stone giant
  8174 | Orc:2    | Entered Level 2 of the Orcish Mines
  8180 | Orc:2    | Found a roughly hewn altar of Beogh.
  8191 | Orc:2    | Noticed Donald
  8199 | Orc:2    | Demolished by Donald

Skill      XL: |  1  2  3  4  5  6  7  8  9 10 11 |
---------------+----------------------------------+-----
Fighting       | 1 2 3 4 |  4.0
Short Blades   | 1 |  1.0
Spellcasting   | 1 |  1.0
Transmutations | 2 3 |  3.0
Axes           | 6 7 10 13 16 17 | 17.6
Dodging        | 3 8 |  8.2
Evocations     | 6 |  6.0
Stealth        | |  1.2

Action                   |  1- 3 |  4- 6 |  7- 9 | 10-12 || total
-------------------------+-------+-------+-------+-------++-------
Melee: Short sword       |   121 |     8 |       |       ||   129
       Dagger            |       |   111 |    27 |       ||   138
       Kick              |       |     7 |     2 |       ||     9
       Hand axe          |       |       |   558 |     3 ||   561
       Peck              |       |       |    65 |    95 ||   160
       Headbutt          |       |       |    50 |    89 ||   139
       War axe           |       |       |    20 |   231 ||   251
       Battleaxe         |       |       |       |   190 ||   190
Throw: Javelin           |       |     1 |     8 |     5 ||    14
 Cast: Beastly Appendage |       |     4 |     1 |       ||     5
Invok: Minor Destruction |       |       |       |     2 ||     2
 Abil: Heal Wounds       |       |       |    13 |    19 ||    32
Evoke: Wand              |    10 |    25 |    23 |    27 ||    85
  Use: Scroll            |     1 |    10 |     5 |    10 ||    26
       Potion            |       |     5 |     7 |     7 ||    19
 Stab: Confused          |     1 |       |       |       ||     1
       Sleeping          |     2 |       |     2 |       ||     4
       Invisible         |       |     1 |       |     6 ||     7
  Eat: Chunk             |       |     3 |    13 |    15 ||    31
       Fruit             |       |       |     1 |       ||     1
       Royal jelly       |       |       |     2 |       ||     2
Armor: Leather armour    |    46 |    25 |       |       ||    71
       Ring mail         |       |    20 |   214 |   129 ||   363
       Skin              |       |       |       |   108 ||   108
Dodge: Dodged            |    99 |    55 |   290 |   237 ||   681
Block: Other             |       |       |       |    19 ||    19
       Reflection        |       |       |       |     3 ||     3
